 Dungeon Crawl Stone Soup version 0.28-a0-479-g5baa6b73be (webtiles) character file.

Game seed: 2851782569136668710

273 Dabor the Skirmisher (level 6, -13/49 HPs)
             Began as a Formicid Abyssal Knight on Sept 19, 2021.
             Was a Believer of Lugonu.
             Mangled by an orc warrior (15 damage)
             ... on level 4 of the Dungeon.
             The game lasted 00:07:07 (3179 turns).

Dabor the Skirmisher (Formicid Abyssal Knight)      Turns: 3179, Time: 00:07:08

Health: -13/49     AC: 14    Str: 18    XL:     6   Next: 48%
Magic:  8/8        EV:  5    Int: 11    God:    Lugonu [**....]
Gold:   112        SH:  3    Dex: 11    Spells: 5/5 levels left

rFire   + + .      SeeInvis +   a - +2 spear (chaos)
rCold   . . .      Faith    .   h - +0 buckler
rNeg    . . .      Spirit   .   e - +0 plate armour of Niuseum {Rampage rF+}
rPois   .          Reflect  .   (helmet unavailable)
rElec   .          Harm     .   p - +1 cloak
rCorr   +          Rampage  +   j - +0 pair of gloves
Will    .....                   (no boots)
Stlth   ..........              i - amulet of regeneration
HPRegen 1.16/turn               o - ring of protection from fire
MPRegen 0.11/turn               v - ring of resist corrosion

@: no status effects
A: permanent stasis, dig shafts and tunnels, antennae 3, four strong arms
a: Dig, Shaft Self, Renounce Religion, Depart the Abyss, Bend Space


You were on level 4 of the Dungeon.
You worshipped Lugonu.
Lugonu was pleased with you.
You visited 1 branch of the dungeon, and saw 4 of its levels.
You visited the Abyss 1 time.

You collected 112 gold pieces.

Inventory:

Hand Weapons
 a - a +2 spear of chaos (weapon)
Missiles
 f - 6 curare-tipped darts
 l - 3 boomerangs (quivered)
Armour
 e - the +0 plate armour of Niuseum (worn) {Rampage rF+}
   (You found it on level 2 of the Abyss)

   rF:        It protects you from fire.
   Rampage:   It bestows one free step when moving towards enemies.
 h - a +0 buckler (worn)
 j - a +0 pair of gloves (worn)
 p - a +1 cloak (worn)
Jewellery
 i - an amulet of regeneration (around neck)
 o - a ring of protection from fire (left hand)
 u - an amulet of faith
 v - a ring of resist corrosion (right hand)
Wands
 m - a wand of polymorph (6)
 w - a wand of iceblast (10)
Scrolls
 c - a scroll of enchant armour
 g - 2 scrolls of identify
 k - a scroll of vulnerability
 n - 2 scrolls of enchant weapon
 r - 3 scrolls of teleportation
 s - a scroll of blinking
Potions
 b - a potion of cancellation
 d - a potion of ambrosia {unknown}
 q - a potion of might {unknown}
 t - a potion of degeneration {unknown}
 x - a potion of curing {unknown}


   Skills:
 + Level 4.4 Fighting
 + Level 3.3 Polearms
 + Level 3.6 Armour
 + Level 2.4 Dodging
 + Level 3.8 Invocations


You had 5 spell levels left.
You didn't know any spells.
Your spell library was empty.

Dungeon Overview and Level Annotations

Branches:
Dungeon (4/15)
 Temple: D:4-7

Altars:
Dithmenos
Qazlal


Innate Abilities, Weirdness & Mutations

You cannot be hasted, slowed, berserked, paralysed or teleported.
You can dig through walls and to a lower floor.
You have a pair of large antennae on your head. (SInv)
Your four strong arms can wield two-handed weapons with a shield.


Message History

Lugonu accepts your kill.
You throw a boomerang.
The boomerang hits the orc warrior but does no damage.
You reach to attack!
You hit the orc warrior but do no damage.
You hit the orc warrior. You freeze the orc warrior.
The orc warrior is lightly wounded.
The orc warrior hits you but does no damage.
You barely miss the orc warrior.
The orc warrior is lightly wounded.
The orc warrior hits you but does no damage.
You closely miss the orc warrior.
The orc warrior is lightly wounded.
The orc warrior hits you with a +0 war axe.
You closely miss the orc warrior.
The orc warrior is lightly wounded.
The orc warrior hits you with a +0 war axe.
You closely miss the orc warrior.
The orc warrior is lightly wounded.
The orc warrior hits you with a +0 war axe.
You hit the orc warrior.
The orc warrior seems to speed up.
The orc warrior is lightly wounded.
The orc warrior hits you but does no damage.
The orc warrior hits you with a +0 war axe!
You hit the orc warrior. You freeze the orc warrior.
The orc warrior is moderately wounded.
The orc warrior hits you with a +0 war axe.
Your plate armour of Niuseum prevents you from hitting the orc warrior.
The orc warrior is moderately wounded.
The orc warrior hits you with a +0 war axe! x2
You closely miss the orc warrior.
The orc warrior is moderately wounded.
The orc warrior hits you with a +0 war axe!
* * * LOW HITPOINT WARNING * * *
The orc warrior hits you with a +0 war axe.
* * * LOW HITPOINT WARNING * * *
Okay, then.
Okay, then.
The orc warrior hits you with a +0 war axe!
You die...

..... ...# #######..+ .
#........#+#..)
#..............
+....?.........
#.....)........
#.##.#..####################
#...>.....oo@..............##
.....#.###################..#
#.## #. ##.# . #. #.. .. ##.
## #. ## ##### #....


You could see an orc warrior (fast) and an orc.

Vanquished Creatures
  A centaur zombie (D:4)
  A hound (D:2)
  Jessica (D:2)
  Natasha (twice) (D:2)
  3 adders
  5 worms (D:2)
  9 dart slugs (D:3)
  An orc (D:4)
  7 bats
  13 endoplasms
  4 giant cockroaches
  3 goblins
  4 hobgoblins
  2 jackals (D:2)
  A quokka (D:1)
  8 ball pythons
  A frilled lizard (D:2)
  A jackal skeleton (D:4)
  8 kobolds
  6 rats
81 creatures vanquished.

Vanquished Creatures (others)
  A plant (D:1)
1 creature vanquished.

Grand Total: 82 creatures vanquished

Notes
Turn   | Place    | Note
-------+----------+-------------------------------------------
     0 | Abyss:1  | Dabor the Formicid Abyssal Knight began the quest for the
                  | Orb.
     0 | Abyss:1  | Reached XP level 1. HP: 18/18 MP: 2/2
   105 | Abyss:2  | Identified the +0 plate armour of Niuseum {Rampage rF+}
   111 | Abyss:2  | Noticed a tentacled starspawn
   113 | Abyss:2  | Noticed a thrashing horror
   117 | D:1      | Escaped the Abyss
   174 | D:1      | Found a faded altar of an unknown god.
   194 | D:1      | Reached skill level 1 in Dodging
   441 | D:1      | Reached XP level 2. HP: 16/24 MP: 3/3
   445 | D:1      | Reached * piety under Lugonu
   919 | D:1      | Reached XP level 3. HP: 29/29 MP: 4/4
  1449 | D:2      | Noticed Jessica
  1451 | D:2      | Killed Jessica
  1452 | D:2      | Reached XP level 4. HP: 37/37 MP: 6/6
  1516 | D:2      | Reached XP level 5. HP: 42/42 MP: 7/7
  1690 | D:2      | Reached ** piety under Lugonu
  1784 | D:2      | Reached skill level 4 in Fighting
  1817 | D:2      | Noticed Natasha
  1830 | D:2      | Killed Natasha
  2074 | D:2      | Noticed Natasha
  2088 | D:2      | Killed Natasha
  2236 | D:3      | Reached XP level 6. HP: 48/48 MP: 8/8
  2691 | D:3      | Found a large runed translucent door.
  2692 | D:3      | Found a large runed translucent door.
  2871 | D:3      | Found a shadowy altar of Dithmenos.
  2877 | D:3      | Found a stormy altar of Qazlal.
  3153 | D:4      | Noticed an orc warrior
  3178 | D:4      | HP: 1/49 [orc warrior (6)]
  3179 | D:4      | Mangled by an orc warrior

Illustrated notes

Levels and vault maps discovered:
D:1:      lightli_molten_gateway, layout_rooms, serial_rivers,
          chequers_serial_rivers_micro_c, chequers_serial_rivers_micro_a,
          chequers_serial_rivers_micro_a, chequers_serial_rivers_micro_a,
          chequers_serial_rivers_marsh, chequers_serial_rivers_micro_d,
          shapermc_ecumenical_altar_mp_ritualfount, minmay_door_square
D:2:      layout_basic, wad_floor_pattern_untrapped, uniq_jessica, uniq_natasha
D:3:      kennysheep_slugbush, layout_loops_ring, jmf_multi_god_temple2
D:4:      layout_basic, serial_shops, kennysheep_mini_moat, uniq_pikel

Skill      XL: |  1  2  3  4  5 |
---------------+----------------+-----
Dodging        | 1 2 |  2.4
Armour         | 3 |  3.6
Invocations    | 3 |  3.8
Fighting       | 4 |  4.4
Polearms       | 3 |  3.3

Action                   |  1- 3 |  4- 6 || total
-------------------------+-------+-------++-------
Melee: Spear             |   127 |   211 ||   338
Throw: Dart              |     1 |       ||     1
       Boomerang         |       |    31 ||    31
Invok: Depart the Abyss  |     1 |       ||     1
 Abil: Dig               |     2 |     1 ||     3
  Use: Scroll            |     2 |     6 ||     8
Armor: Plate armour      |   108 |   133 ||   241
Dodge: Dodged            |    20 |    58 ||    78
Block: Buckler           |     5 |    18 ||    23

Table legend: (Time is in decaauts)
 A = Elapsed time spent in this place.
 B = Non-inter-level travel time spent in this place.
 C = Inter-level travel time spent in this place.
 D = Time resting spent in this place.
 E = Time spent auto-exploring this place.
 F = Levels seen in this place.
 G = Mean time per level.
                   A        B        C        D        E       F      G
               +--------+--------+--------+--------+--------+-----+--------+
         Total |   3220 |   3021 |    199 |    100 |   2091 |   6 |  536.7 |
       Dungeon |   3103 |   2904 |    199 |    100 |   2022 |   4 |  775.8 |
         Abyss |    116 |    116 |      0 |      0 |     69 |   2 |   58.0 |
               +--------+--------+--------+--------+--------+-----+--------+

Top non-repeatable levels by time:
     D:1: 1301 daAuts
     D:2: 792 daAuts
     D:3: 739 daAuts
     D:4: 270 daAuts
 Abyss:1: 78 daAuts
 Abyss:2: 38 daAuts
